 Dungeon Crawl Stone Soup version 0.29.1-2-gbd0b4ee654 (webtiles) character file.

Game seed: 12012460008230642273

1048 adizb the Trooper (level 8, -7/64 HPs)
             Began as a Demonspawn Monk on Oct 25, 2022.
             Was a High Priest of Jiyva.
             Mangled by an ogre
             ... wielding a +0 giant club
              (29 damage)
             ... on level 6 of the Dungeon.
             The game lasted 00:25:37 (4443 turns).

adizb the Trooper (Demonspawn Monk)                 Turns: 4443, Time: 00:25:38

Health: -7/64      AC:  4    Str: 20    XL:     8   Next: 5%
Magic:  0/8        EV: 15    Int: 12    God:    Jiyva [*****.]
Gold:   125        SH:  0    Dex: 15    Spells: 7/7 levels left

rFire   . . .      SeeInvis .   m - +0 halberd
rCold   . . .      Faith    .   (shield currently unavailable)
rNeg    . . .      Spirit   +   i - +0 ring mail
rPois   .          Reflect  .   (helmet restricted)
rElec   +          Harm     .   d - +0 cloak
rCorr   +          Rampage  .   (no gloves)
Will    .....      Clarity  +   (no boots)
Stlth   +.........              h - amulet of guardian spirit
HPRegen 1.64/turn               o - +4 ring of slaying
MPRegen 0.56/turn               b - +6 ring of strength

@: no status effects
A: antennae 1, repulsion field 2, spiny 1, demonic magic 1, clarity, electricity
resistance, pseudopods 2
a: Renounce Religion, Oozemancy, Slimify


You were on level 6 of the Dungeon.
You worshipped Jiyva.
Jiyva was extremely pleased with you.
You visited 1 branch of the dungeon, and saw 6 of its levels.

You collected 125 gold pieces.

Inventory:

Hand Weapons
 m - a +0 halberd (weapon)
Missiles
 j - a throwing net (quivered)
Armour
 a - a +0 helmet
 d - a +0 cloak (worn)
 i - a +0 ring mail (worn)
Jewellery
 b - a +6 ring of strength (right hand)
 h - an amulet of guardian spirit (around neck)
 k - a ring of protection from fire
 o - a +4 ring of slaying (left hand)
 p - a ring of flight
Wands
 q - a wand of light (7)
 x - a wand of digging (9)
 y - a wand of iceblast (10)
Scrolls
 e - 2 scrolls of enchant armour
 l - 2 scrolls of fear
 r - a scroll of butterflies
 s - a scroll of enchant weapon
 v - a scroll of teleportation
Potions
 c - a potion of ambrosia
 f - 2 potions of haste
 g - a potion of curing
 n - a potion of flight
 t - a potion of might {unknown}
 u - a potion of lignification {unknown}
 w - a potion of heal wounds {unknown}
 z - 2 potions of cancellation {unknown}
 A - a potion of degeneration {unknown}


   Skills:
 + Level 5.8 Fighting
 - Level 3.2 Maces & Flails
 * Level 4.6 Polearms
 + Level 3.0 Armour
 + Level 4.5 Dodging
 - Level 1.7 Stealth


You had 7 spell levels left.
You didn't know any spells.
Your spell library contained the following spells:

 Spells                   Type           Power      Damage    Failure   Level
 Summon Small Mammal      Summ           0%         N/A       50%         1
 Call Canine Familiar     Summ           0%         N/A       86%         3
 Summon Guardian Golem    Hex/Summ       0%         N/A       86%         3


Dungeon Overview and Level Annotations

Branches:
Dungeon (6/15)
 Temple: D:4-7

Altars:
Ashenzari
Cheibriados
Dithmenos
Kikubaaqudgha
Ru
Uskayaw
Xom
Jiyva

Shops:
D:2 ?(([(   D:4 **   D:5 (


Innate Abilities, Weirdness & Mutations

You have a pair of small antennae on your head.
You are surrounded by a moderate repulsion field. (EV +3)
You are partially covered in sharp spines.
Spells you cast may paralyse adjacent enemies.
You possess an exceptional clarity of mind.
You are resistant to electric shocks. (rElec)
Armour fits poorly on your large pseudopods.


Message History

The orc wizard is severely wounded.
The ufetubus hits you. The ufetubus closely misses you.
The orc priest is struck by your spines.
The orc priest hits you with a +0 mace.
The orc wizard is struck by your spines.
The orc wizard hits you but does no damage.
The ufetubus barely misses you. The ufetubus misses you.
You barely miss the orc wizard.
The orc wizard is almost dead.
The ufetubus is struck by your spines. The ufetubus closely misses you.
The ufetubus hits you. The orc priest hits you with a +0 mace!
The orc wizard gestures at you while chanting.
You resist with some effort. The ufetubus is struck by your spines.
You kill the ufetubus!
Your Armour skill increases to level 3!
You hit the orc wizard.
You kill the orc wizard!
The orc priest is struck by your spines.
The orc priest hits you with a +0 mace. The ogre is struck by your spines.
The ogre hits you with a +0 giant club!
* * * LOW HITPOINT WARNING * * *
The orc wizard mumbles some strange words.
The orc wizard flickers and vanishes!
Deactivating autopickup; reactivate with Ctrl-A.
You have reached level 8!
You feel clever.
Reach: m) +0 halberd
Press: ? - help, Dir - move target, f - orc priest
Aim: an orc priest, wielding a +0 mace (almost dead, about 38% to evade your +0 halberd)
You reach to attack!
You slice the orc priest!!
You kill the orc priest!
An orc comes into view.
It is wielding a +3 hand axe of freezing.
The ogre attacks as you move away! The ogre is struck by your spines.
The ogre misses you.
You puncture the orc!
You kill the orc!
The ogre is struck by your spines. The ogre hits you with a +0 giant club.
The ogre attacks as you move away!
The ogre hits you with a +0 giant club!!
You die...

..<....#.
....... ###
...o.. ...
#....##.#
.......##
)......#
#......#
#O{# #@)#
#..#
#..###.#
#......#
##.#####
#.# #.#
##.#####
#...)..####


You could see an ogre and an orc.

Vanquished Creatures
  Prince Ribbit (D:6)
  An ice beast (D:5)
  2 ogres (D:5)
  A necrophage (D:5)
  2 scorpions (D:5)
  A howler monkey (D:4)
  2 orc priests
  Crazy Yiuf (D:5)
  A hound (D:5)
  2 iguanas (D:5)
  An orc wizard (D:6)
  2 adders
  10 gnolls
  A white imp (D:5)
  2 ufetubi
  3 worms
  A dart slug (D:2)
  14 orcs
  4 endoplasms
  6 giant cockroaches
  6 hobgoblins
  7 jackals (D:1)
  4 quokkas
  7 ball pythons
  4 bats
  3 frilled lizards (D:1)
  4 goblins
  8 kobolds
  6 rats
  A toadstool (D:1)
108 creatures vanquished.

Vanquished Creatures (others)
  A phantom (D:5)
  2 jellies (D:5)
  An iguana (D:5)
  4 adders
  3 orcs
  A bat (D:3)
  2 endoplasms
  4 hobgoblins
  2 kobolds
  A rat (D:3)
  9 plants
  3 toadstools (D:1)
  A withered plant (D:2)
34 creatures vanquished.

Grand Total: 142 creatures vanquished

Notes
Turn   | Place    | Note
-------+----------+-------------------------------------------
     0 | D:1      | adizb the Demonspawn Monk began the quest for the Orb.
     0 | D:1      | Reached XP level 1. HP: 18/18 MP: 1/1
   230 | D:1      | Gained mutation: You have a pair of small antennae on your
                  | head. [demonic ancestry]
   230 | D:1      | Reached XP level 2. HP: 16/24 MP: 2/2
   908 | D:1      | Gained mutation: You are surrounded by a mild repulsion
                  | field. (EV +2) [demonic ancestry]
   908 | D:1      | Reached XP level 3. HP: 20/30 MP: 3/3
  1202 | D:1      | Reached skill level 4 in Fighting
  1255 | D:2      | Found Ento's Weapon Emporium.
  1667 | D:2      | Gained mutation: You are partially covered in sharp spines.
                  | [demonic ancestry]
  1667 | D:2      | Reached XP level 4. HP: 37/37 MP: 4/4
  1778 | D:2      | Found Xionuses's Armour Shop.
  2130 | D:2      | Reached skill level 1 in Polearms
  2292 | D:2      | Found a faded altar of an unknown god.
  2313 | D:2      | Prayed at the altar of an unknown god.
  2313 | D:2      | Became a worshipper of Jiyva Jaezu the Shapeless
  2313 | D:2      | Reached * piety under Jiyva
  2313 | D:2      | Reached ** piety under Jiyva
  2330 | D:2      | Found Innef's Magic Scroll Boutique.
  2445 | D:2      | Found Ciskiuch's Antique Weapon Emporium.
  2452 | D:2      | Found Vitapame's Weapon Boutique.
  2659 | D:3      | Gained mutation: You are surrounded by a moderate repulsion
                  | field. (EV +3) [demonic ancestry]
  2659 | D:3      | Reached XP level 5. HP: 43/43 MP: 5/5
  2701 | D:3      | Reached *** piety under Jiyva
  2717 | D:3      | Found a snail-covered altar of Cheibriados.
  2738 | D:3      | Gained mutation: Your spells are a little harder to cast,
                  | but a little more powerful. [Jiyva's grace]
  2738 | D:3      | Gained mutation: Your spells are harder to cast, but more
                  | powerful. [Jiyva's grace]
  2738 | D:3      | Gained mutation: Your spells are much harder to cast, but
                  | much more powerful. [Jiyva's grace]
  2738 | D:3      | Gained mutation: You have a small jelly attached to you
                  | that may absorb projectiles. [Jiyva's grace]
  3309 | D:4      | Found a radiant altar of Vehumet.
  3312 | D:4      | Found a sacrificial altar of Ru.
  3312 | D:4      | Found a shadowy altar of Dithmenos.
  3314 | D:4      | Found a shimmering altar of Xom.
  3314 | D:4      | Found a broken altar of Ashenzari.
  3314 | D:4      | Found a shimmering altar of Xom.
  3318 | D:4      | Reached skill level 1 in Armour
  3331 | D:4      | Found Etow's General Store.
  3331 | D:4      | Found Paodgha's Specific Store.
  3362 | D:4      | Reached **** piety under Jiyva
  3458 | D:4      | Found a hide-covered altar of Uskayaw.
  3593 | D:4      | Lost mutation: Your spells are much harder to cast, but
                  | much more powerful. [potion of mutation]
  3593 | D:4      | Lost mutation: You have a small jelly attached to you that
                  | may absorb projectiles. [potion of mutation]
  3593 | D:4      | Lost mutation: Your spells are harder to cast, but more
                  | powerful. [potion of mutation]
  3593 | D:4      | Gained mutation: You are frail. (-10% HP) [potion of
                  | mutation]
  3594 | D:4      | Lost mutation: You are frail. (-10% HP) [potion of
                  | mutation]
  3594 | D:4      | Lost mutation: Your spells are a little harder to cast, but
                  | a little more powerful. [potion of mutation]
  3594 | D:4      | Gained mutation: Your body sometimes deteriorates upon
                  | taking damage. [potion of mutation]
  3594 | D:4      | Gained mutation: You expend magic power (3 MP) to
                  | strengthen your wands. [potion of mutation]
  3594 | D:4      | Gained mutation: You possess an exceptional clarity of
                  | mind. [potion of mutation]
  3595 | D:4      | Lost mutation: Your body sometimes deteriorates upon taking
                  | damage. [potion of mutation]
  3595 | D:4      | Lost mutation: You expend magic power (3 MP) to strengthen
                  | your wands. [potion of mutation]
  3595 | D:4      | Lost mutation: You possess an exceptional clarity of mind.
                  | [potion of mutation]
  3595 | D:4      | Gained mutation: You are somewhat resistant to further
                  | mutation. [potion of mutation]
  3597 | D:5      | Entered Level 5 of the Dungeon
  3624 | D:5      | Found a broken altar of Ashenzari.
  3667 | D:5      | Reached XP level 6. HP: 46/50 MP: 6/6
  3703 | D:5      | Found an ancient bone altar of Kikubaaqudgha.
  3780 | D:5      | Reached skill level 5 in Fighting
  3857 | D:5      | Found Vugripit's Antique Weapon Emporium.
  3931 | D:5      | Gained mutation: Spells you cast may paralyse adjacent
                  | enemies. [demonic ancestry]
  3931 | D:5      | Reached XP level 7. HP: 56/56 MP: 7/7
  3959 | D:5      | Reached ***** piety under Jiyva
  4009 | D:5      | Lost mutation: You are somewhat resistant to further
                  | mutation. [Jiyva's grace]
  4009 | D:5      | Gained mutation: You possess an exceptional clarity of
                  | mind. [Jiyva's grace]
  4009 | D:5      | Gained mutation: You are resistant to electric shocks.
                  | (rElec) [Jiyva's grace]
  4009 | D:5      | Gained mutation: Armour fits poorly on your pseudopods.
                  | [Jiyva's grace]
  4009 | D:5      | Gained mutation: Armour fits poorly on your large
                  | pseudopods. [Jiyva's grace]
  4374 | D:5      | Found a runed translucent door.
  4375 | D:5      | Noticed Crazy Yiuf
  4380 | D:5      | Killed Crazy Yiuf
  4416 | D:6      | Noticed Prince Ribbit
  4426 | D:6      | Killed Prince Ribbit
  4440 | D:6      | Reached XP level 8. HP: 17/64 MP: 4/8
  4443 | D:6      | Mangled by an ogre

Illustrated notes

Levels and vault maps discovered:
D:1:      ldierk_water_garden, layout_loops_corners, serial_forest,
          infiniplex_forest_clump_long, infiniplex_forest_lined_3,
          infiniplex_forest_clump_long, infiniplex_forest_fountain,
          infiniplex_forest_end_2, infiniplex_forest_end_1,
          infiniplex_forest_clump_medium, infiniplex_forest_end_1,
          infiniplex_forest_corner_2
D:2:      layout_basic, shapermc_ecumenical_altar_flowoftime, serial_shops,
          nicolae_shop_bloodbath_and_beyond, shop, shop_fountains,
          nicolae_shop_waterfront, nicolae_shop_hallway_plus
D:3:      layout_basic, nicolae_overflow_crystal_walls, grunt_decor_junction,
          hangedman_abyss_or_decor_stabs
D:4:      layout_rooms, nicolae_uskayaw_dance_hall, doesnt_xom_only_xom,
          minmay_misc_feat_rows, moated_statue, nicolae_specific_store
D:5:      cheibrodos_helix_gallery, layout_loops_corners,
          mainiacjoe_overflow_paths, ashenzari_altar_1, serial_shops,
          kennysheep_mini_moat, kennysheep_diamond, nicolae_fountain_basement,
          uniq_crazy_yiuf_cottage
D:6:      layout_basic, uniq_prince_ribbit1

Skill      XL: |  1  2  3  4  5  6  7 |
---------------+----------------------+-----
Maces & Flails | 3 |  3.2
Fighting       | 4 5 |  5.8
Dodging        | 3 4 |  4.5
Polearms       | 1 2 3 4 |  4.6
Armour         | 1 2 3 |  3.0
Stealth        | |  1.7

Action                   |  1- 3 |  4- 6 |  7- 9 || total
-------------------------+-------+-------+-------++-------
Melee: Mace              |   215 |     7 |       ||   222
       Punch             |     3 |       |       ||     3
       Halberd           |       |   111 |    39 ||   150
       Pseudopods        |       |       |     8 ||     8
  Use: Scroll            |       |     9 |     1 ||    10
       Potion            |       |     4 |       ||     4
 Stab: Sleeping          |     3 |     1 |       ||     4
Armor: Robe              |    12 |       |       ||    12
       Ring mail         |    25 |    14 |     5 ||    44
Dodge: Dodged            |   112 |    54 |    18 ||   184
